 Dungeon Crawl Stone Soup version 0.29.1-12-g30fa7ad0bf (webtiles) character file.

Game seed: 13942993575548693073

23 zeram the Caller (level 2, 0/13 HPs)
             Began as a Spriggan Summoner on Dec 30, 2022.
             Slain by a jackal (3 damage)
             ... on level 1 of the Dungeon.
             The game lasted 00:02:09 (931 turns).

zeram the Caller (Spriggan Summoner)                 Turns: 931, Time: 00:02:10

Health: 0/13       AC:  2    Str:  4    XL:     2   Next: 72%
Magic:  4/7        EV: 17    Int: 16    God:
Gold:   25         SH:  0    Dex: 15    Spells: 4/7 levels left

rFire   . . .      SeeInvis +   d - +0 dagger
rCold   . . .      Faith    .   (no shield)
rNeg    . . .      Spirit   .   a - +0 robe
rPois   .          Reflect  .   (helmet restricted)
rElec   .          Harm     .   (no cloak)
rCorr   .          Rampage  .   (gloves unavailable)
Will    .....                   (boots unavailable)
Stlth   ++........              (no amulet)
HPRegen 0.04/turn               (no ring)
MPRegen 0.10/turn               (no ring)

@: very quick
A: very small, no large weapons, unfitting armour, see invisible, speed 3
a: no special abilities


You were on level 1 of the Dungeon.
You visited 1 branch of the dungeon, and saw 1 of its levels.

You collected 25 gold pieces.

Inventory:

Hand Weapons
 d - a +0 dagger (weapon)
Armour
 a - a +0 robe (worn)
Jewellery
 e - a ring of ice
Scrolls
 c - 3 scrolls of blinking {unknown}
 f - a scroll of enchant armour {unknown}
Potions
 b - a potion of magic


   Skills:
 + Level 3.0 Dodging
 - Level 3.0 Stealth
 + Level 3.0 Spellcasting
 + Level 3.8 Summonings


You had 4 spell levels left.
You knew the following spells:

 Your Spells              Type           Power      Damage    Failure   Level
a - Summon Small Mammal   Summ           56%        N/A       3%          1
b - Call Imp              Summ           14%        N/A       6%          2

Your spell library contained the following spells:

 Spells                   Type           Power      Damage    Failure   Level
 Call Canine Familiar     Summ           14%        N/A       12%         3
 Summon Guardian Golem    Hex/Summ       8%         N/A       26%         3
 Summon Lightning Spire   Summ/Air       8%         N/A       63%         4


Dungeon Overview and Level Annotations

Branches:
Dungeon (1/15)

Altars:


Innate Abilities, Weirdness & Mutations

You are very small and have problems with some larger weapons.
You are too small for most types of armour.
You have supernaturally acute eyesight. (SInv)
You cover ground extremely quickly. (Speed+++)


Message History

The jackal bites your shadow imp but does no damage. x2
Your shadow imp gestures at the jackal.
The jackal barely resists.
The jackal closely misses your shadow imp.
Your shadow imp barely misses the jackal.
The jackal bites your shadow imp but does no damage.
The jackal closely misses your shadow imp.
Your shadow imp gestures at the jackal.
The jackal writhes in agony!
The jackal dies!
Your shadow imp closely misses the jackal.
The jackal bites your shadow imp but does no damage. x2
Your shadow imp barely misses the jackal.
The jackal bites your shadow imp but does no damage.
Your shadow imp hits the jackal but does no damage.
The jackal bites your shadow imp but does no damage.
The jackal barely misses your shadow imp.
Your shadow imp misses the jackal.
The jackal closely misses your shadow imp.
Your shadow imp hits the jackal but does no damage.
The jackal bites your shadow imp.
Your shadow imp hits the jackal.
The jackal bites your shadow imp but does no damage.
The jackal bites your shadow imp.
Your shadow imp gestures at the jackal.
The jackal writhes in agony.
The jackal barely misses your shadow imp.
Your shadow imp completely misses the jackal.
The jackal bites your shadow imp.
The jackal bites your shadow imp but does no damage.
Your shadow imp closely misses the jackal.
The jackal barely misses your shadow imp.
Your shadow imp hits the jackal but does no damage.
The jackal bites your shadow imp.
Your shadow imp hits the jackal.
The jackal dies!
Your Dodging skill increases to level 3!
Your Spellcasting skill increases to level 3!
Your shadow imp barely misses the jackal.
Your shadow imp disappears in a puff of smoke!
The jackal bites you.
You die...

# h# ###h#####
#........ ######.#.####
+. #@h...........
#...######.####.#.#####
#..........#..#.#...
#######....#..#.# ###
#.#.....#.# #....#.....
##....+.....
########....## ....
............+ ....


You could see a jackal.

Vanquished Creatures
  A ball python (D:1)
  2 goblins (D:1)
  A hobgoblin (D:1)
  A jackal (D:1)
  2 quokkas (D:1)
  A bat (D:1)
  2 kobolds (D:1)
10 creatures vanquished.

Vanquished Creatures (collateral kills)
  An endoplasm (D:1)
  A giant cockroach (D:1)
  A goblin (D:1)
  2 jackals (D:1)
  A kobold (D:1)
  A quokka (D:1)
  A ball python (D:1)
8 creatures vanquished.

Grand Total: 18 creatures vanquished

Notes
Turn   | Place    | Note
-------+----------+-------------------------------------------
     0 | D:1      | zeram the Spriggan Summoner began the quest for the Orb.
     0 | D:1      | Reached XP level 1. HP: 9/9 MP: 5/5
   451 | D:1      | Reached XP level 2. HP: 13/13 MP: 6/6
   454 | D:1      | Learned a level 2 spell: Call Imp
   702 | D:1      | Found a faded altar of an unknown god.
   931 | D:1      | Slain by a jackal

Illustrated notes

Levels and vault maps discovered:
D:1:      minmay_arrival_stone_box, layout_basic,
          hellmonk_ecumenical_altar_zigzags

Skill      XL: |  1  2 |
---------------+-------+-----
Dodging        | 3 |  3.0
Spellcasting   | 3 |  3.0
Stealth        | |  3.0
Summonings     | |  3.8

Action                   || total
-------------------------++-------
Melee: Dagger            ||    50
       Unarmed           ||     8
       Punch             ||     1
 Cast: Summon Small Mamm ||    10
       Call Imp          ||     4
 Stab: Sleeping          ||     3
       Distracted        ||     1
Armor: Robe              ||     4
Dodge: Dodged            ||    52
